 Dungeon Crawl Stone Soup version 0.30-a0-989-g0d87f670db (webtiles) character file.

Game seed: 3334403596945435913

121419 tilp the Unseen (level 16, -12/127 HPs)
             Began as a Vampire Enchanter on Apr 3, 2023.
             Was the Champion of Wu Jian.
             Killed by the raging water
             ... invoked by a water nymph
              (25 damage)
             ... on level 2 of the Shoals.
             The game lasted 01:05:25 (30297 turns).

tilp the Unseen (Vampire Enchanter)                Turns: 30297, Time: 01:05:26

Health: -12/127    AC: 19    Str:  7    XL:     16   Next: 32%
Magic:  35/38      EV: 19    Int: 25    God:    Wu Jian [******]
Gold:   213        SH:  8    Dex: 18    Spells: 6/33 levels left

rFire   + . .      SeeInvis +    a - +7 dagger (flame)
rCold   + + +      Faith    .    U - +3 buckler {rF+}
rNeg    . . .      Spirit   .    z - +4 skin of Zhor {*Englaciate rC+++ SInv}
rPois   +          Reflect  .    K - +2 helmet
rElec   .          Rampage  .    r - +2 cloak {rPois}
rCorr   .                        t - +2 pair of gloves {Stlth+}
Will    ++...                    D - +2 pair of boots of Creativity {Will+ Dex+3}
Stlth   +++++++++                X - amulet "Rotes" {Regen+ Stlth+}
HPRegen 1.41/turn                v - ring of magical power
MPRegen 0.26/turn                x - ring of flight

@: confusing by touch, flying, mesmerised, healing quickly, studying Stealth
A: alive, fangs 3, see invisible, vampiric 2
a: Exsanguinate, Renounce Religion, Wall Jump, Serpent's Lash, Heavenly Storm


You were on level 2 of the Shoals.
You worshipped Wu Jian.
Wu Jian was exalted by your worship.
You visited 5 branches of the dungeon, and saw 25 of its levels.
You also visited: Gauntlet, Ice Cave and Volcano.

You collected 2517 gold pieces.
You spent 2304 gold pieces at shops.

Inventory:

Hand Weapons
 a - a +7 dagger of flaming (weapon)
 w - a +2 scimitar of flaming
Missiles
 s - a silver boomerang (quivered)
 u - 4 javelins
 A - a throwing net {!f}
 B - a curare-tipped dart
 C - 23 boomerangs
 F - 2 silver javelins
Armour
 r - a +2 cloak of poison resistance (worn)
 t - a +2 pair of gloves of stealth (worn)
 z - the +4 skin of Zhor (worn) {*Englaciate rC+++ SInv}
   (You found it on level 1 of the Lair of Beasts)

   *Englaciate: It radiates cold, occasionally slowing all nearby creatures who
   are not resistant to cold.
   rC:        It renders you almost immune to cold.
   SInv:      It lets you see invisible.
 D - the +2 pair of boots of Creativity (worn) {Will+ Dex+3}
   (You found it in a Gauntlet)

   Dex:       It affects your dexterity (+3).
   Will:      It increases your willpower.
 K - a +2 helmet (worn)
 O - a +1 kite shield of reflection
 R - an orb of guile
 U - a +3 buckler of fire resistance (worn)
Jewellery
 v - a ring of magical power (left hand)
 x - a ring of flight (right hand)
 G - a +6 ring of intelligence
 J - a ring of protection from fire
 X - the amulet "Rotes" (around neck) {Regen+ Stlth+}
   (You found it on level 13 of the Dungeon)

   [amulet of regeneration]

   Regen:     It increases your rate of health regeneration.
   Stlth:     It makes you more stealthy.
Wands
 e - a wand of mindburst (1)
 m - a wand of polymorph (14)
 y - a wand of paralysis (14)
 E - a wand of roots (17)
 M - a wand of flame (39)
 P - a wand of acid (14)
Scrolls
 d - 3 scrolls of amnesia
 k - 6 scrolls of vulnerability
 l - 7 scrolls of magic mapping
 n - a scroll of blinking
 H - 9 scrolls of teleportation
 I - 10 scrolls of identify
 Q - a scroll of fear
 S - a scroll of summoning
 W - 2 scrolls of fog
 Y - 2 scrolls of poison
Potions
 c - 2 potions of invisibility
 f - 5 potions of brilliance
 g - 13 potions of curing
 h - 9 potions of haste
 i - 8 potions of lignification
 o - 3 potions of ambrosia
 p - 3 potions of magic
 q - 7 potions of heal wounds
 L - 4 potions of mutation
 N - 2 potions of might
 T - 4 potions of cancellation
 Z - a potion of attraction
Miscellaneous
 j - a lightning rod (2/4)
 V - a phial of floods


   Skills:
 * Level 12.1 Fighting
 - Level 10.0 Short Blades
 + Level 4.2 Throwing
 - Level 6.0 Armour
 + Level 12.1 Dodging
 + Level 18.2 Stealth
 + Level 4.2 Shields
 + Level 9.0 Spellcasting
 + Level 2.2 Conjurations
 + Level 15.1 Hexes
 - Level 2.0 Ice Magic
 + Level 8.1 Evocations


You had 6 spell levels left.
You knew the following spells:

 Your Spells              Type           Power      Damage    Failure   Level
a - Ensorcelled Hibernat  Hex/Ice        100%       N/A       1%          2
b - Confusing Touch       Hex            72%        N/A       1%          3
c - Tukima's Dance        Hex            72%        N/A       1%          3
d - Dazzling Flash        Conj/Hex       100%       N/A       1%          3
e - Cause Fear            Hex            36%        N/A       1%          4
f - Fulminant Prism       Conj/Hex       26%        3d14      1%          4
g - Discord               Hex            36%        N/A       67%         8

Your spell library contained the following spells:

 Spells                   Type           Power      Damage    Failure   Level
 Inner Flame              Hex/Fire       49%        N/A       1%          3
 Foxfire                  Conj/Fire      64%        2x1d4     4%          1
 Necrotise                Necr           44%        1d6       7%          1
 Hailstorm                Conj/Ice       21%        3d6       9%          3
 Ozocubu's Armour         Ice            21%        N/A       9%          3
 Ignite Poison            Fire/Tmut/Pois 11%        N/A       21%         3
 Kindle Blastsparks       Fire/Tloc/Air  22%        2d11      21%         3
 Vampiric Draining        Necr           11%        2d6       21%         3
 Ice Form                 Ice/Tmut       16%        N/A       41%         4
 Iskenderun's Mystic Bla  Conj/Tloc      16%        2d5       41%         4
 Sticky Flame             Conj/Fire      16%        2d4       41%         4
 Animate Dead             Necr           11%        N/A       56%         4
 Dispel Undead            Necr           11%        3d9       56%         4
 Manifold Assault         Tloc           11%        N/A       56%         4
 Iskenderun's Battlesphe  Conj           22%        2d8       58%         5
 Fireball                 Conj/Fire      8%         3d6       77%         5
 Agony                    Necr           11%        N/A       88%         5
 Borgnjor's Vile Clutch   Necr/Erth      5%         N/A       88%         5
 Lee's Rapid Deconstruct  Erth           5%         3d6*      88%         5
 Conjure Ball Lightning   Conj/Air       8%         3x3d6     100%        6
 Death Channel            Necr           5%         N/A       100%        6
 Dispersal                Tloc           5%         N/A       100%        6
 Simulacrum               Ice/Necr       8%         N/A       100%        6
 Starburst                Conj/Fire      8%         6d4       100%        6
 Dragon Form              Tmut           5%         N/A       100%        7
 Orb of Destruction       Conj           11%        9d6       100%        7
 Ozocubu's Refrigeration  Ice            10%        4d9       100%        7
 Disjunction              Tloc           5%         N/A       100%        8
 Ignition                 Fire           5%         3d4       100%        8
 Death's Door             Necr           Unusable   N/A       N/A         9

Dungeon Overview and Level Annotations

Branches:
Dungeon (15/15)            Temple (1/1) D:4            Lair (5/5) D:11
 Shoals (2/4) Lair:3       Spider (0/4) Lair:3        Slime (0/5) Lair:5
    Orc (2/2) D:9             Elf (0/3) Orc:2        Vaults (0/5) D:14
 Depths (0/4) D:15          IceCv (visited)         Volcano (visited)
Gauntlet (visited)

Altars:
Ashenzari
Cheibriados
Dithmenos
Fedhas
Gozag
Hepliaklqana
Kikubaaqudgha
Makhleb
Nemelex Xobeh
Okawaru
Qazlal
Ru
Sif Muna
Trog
Uskayaw
Vehumet
Wu Jian
Xom
Yredelemnul
Jiyva

Shops:
D:5 *   D:7 *   D:11 (   Orc:1 !   Orc:2 [([[(   Shoals:1 ?

Portals:
Trove: D:12 (give +7 demon whip)

Annotations:
Lair:4 exclusion: oklob plant
Orc:2 3 runed translucent doors, Flippered's ghost, journeyman NaIE


Innate Abilities, Weirdness & Mutations

Your natural rate of healing is accelerated.
You have razor-sharp teeth.
You have supernaturally acute eyesight. (SInv)
You are afflicted with vampirism and can become a bat while bloodless.


Message History

Unknown command.
Unknown command.
Aiming: Throw Flame
Press: ? - help, Shift-Dir - straight line, f/p - merfolk avatar
Aim: a merfolk avatar (lightly wounded, mesmerising, slow, chance to confuse on hit: 6%, 70% to hit)
The puff of flame hits the merfolk avatar!
The merfolk avatar is lightly wounded.
The water nymph is no longer moving slowly.
The merfolk avatar is engulfed in a cloud of scalding steam.
The merfolk avatar chants its luring song.
Unknown command.
Unknown command.
Unknown command.
Unknown command.
Aiming: Thunderbolt
Press: ? - help, Shift-Dir - straight line, f/p - merfolk avatar
Aim: a merfolk avatar (steam, moderately wounded, mesmerising, slow, chance to confuse on hit: 6%)
The thunderbolt hits the merfolk avatar!
The merfolk avatar is heavily wounded.
You hear a shout!
The water nymph gestures at you while chanting.
The water rises up and strikes you!
* * * LOW HITPOINT WARNING * * *
A manticore comes into view.
The water nymph casts a spell at you. The water rises up and strikes you!
* * * LOW HITPOINT WARNING * * *
Unknown command.
Unknown command.
Aiming: Thunderbolt
Press: ? - help, Shift-Dir - straight line, f/p - merfolk avatar
Aim: a merfolk avatar (steam, heavily wounded, mesmerising, slow, chance to confuse on hit: 6%)
The thunderbolt hits the water nymph!
The water nymph is heavily wounded.
The thunderbolt hits the merfolk avatar!!
The merfolk avatar is severely wounded.
A water nymph comes into view.
The water nymph casts a spell at you. The water rises up and strikes you!!
You die...

#.#.!###...~. .
#..........~~
..#.~~~~..~..~
~~.~?.~~.~... m~.~..~~...#
~≈ ~m.~~~~~~..# .~~
#~m~~~~..###.~~
#≈~mm@~~.....~~ ~ ~~~~~
#≈≈≈≈~~~~..~~~≈
~####~~~####≈≈≈≈≈~~~~~~~~~
~~~~~~~~~~~~≈≈≈≈≈≈≈~~~~≈~~
~~~~~~~~~~~~~≈≈≈≈≈≈≈≈≈≈≈~~
~~~~~~~~~~~.~≈≈≈≈≈≈≈≈≈≈≈~~
~~~~~~~~~~~~~~≈≈≈≈≈≈≈≈≈≈~~
##
~~~..~~~~~~~~~≈≈≈≈≈≈≈≈≈≈~~
.###.
~~....~~~~~~≈≈≈≈≈≈≈≈≈≈~~~~
.....


You could see a merfolk avatar (mesmerising, slow) and 4 water nymphs.

Vanquished Creatures
  Gastronok (Orc:1)
  A kraken (Shoals:1)
  A reaper (IceCv)
  A dire elephant (D:15)
  A minotaur (Gauntlet)
  An ettin (Orc:1)
  A merfolk javelineer (Shoals:2)
  A great orb of eyes (D:15)
  Erolcha (Orc:1)
  2 vault guards (D:14)
  4 hydras
  An ice dragon (Orc:2)
  3 catoblepae
  2 two-headed ogres (D:11)
  2 centaur warriors
  3 boulder beetles
  A merfolk avatar (Shoals:1)
  A tengu warrior (D:14)
  6 death yaks (Lair:5)
  5 skysharks
  4 sea snakes
  A deep elf archer (Volcano)
  11 orc knights
  2 wizards (D:14)
  8 harpies
  A faun (shapeshifter) (D:13)
  9 ugly things
  8 deep elf pyromancers
  2 orc sorcerers
  A worldbinder (Gauntlet)
  11 cyclopes
  5 black mambas
  9 elephants
  5 manticores
  7 slime creatures
  An ice statue (IceCv)
  2 merfolk sirens (Shoals:1)
  9 cane toads
  A rime drake (Orc:2)
  8 komodo dragons
  An unseen horror (D:12)
  5 yaktaurs (D:15)
  A freezing wraith (IceCv)
  A tengu conjurer (D:14)
  2 anaconda simulacra (IceCv)
  2 efreet
  An ice devil (IceCv)
  A troll (D:15)
  4 polar bears
  7 merfolk
  Grinder (D:3)
  A wind drake (Shoals:1)
  A raiju (Gauntlet)
  12 blink frogs
  A raiju (shapeshifter) (D:15)
  3 snapping turtles (Shoals:1)
  A wyvern (Lair:3)
  A vampire (D:10)
  3 shadows
  3 basilisks
  46 yaks
  3 fire elementals
  8 humans (D:14)
  4 wraiths
  3 vampire mosquitoes (D:12)
  2 redbacks (Lair:3)
  3 steam dragons
  A harpy simulacrum (IceCv)
  A death yak simulacrum (IceCv)
  An acid dragon (D:13)
  2 two-headed ogre zombies (D:9)
  9 wargs
  24 water moccasins
  8 hell hounds
  2 ice beasts
  32 orc warriors
  3 sky beasts
  2 black bears
  4 ogres
  2 boggarts (Gauntlet)
  8 wolves
  14 centaurs
  2 phantoms
  5 kobold brigands
  Blork the orc (D:4)
  4 scorpions
  11 bullfrogs
  2 cane toad simulacra (IceCv)
  A gnoll sergeant (D:8)
  7 two-headed ogre simulacra (IceCv)
  An elephant simulacrum (IceCv)
  8 killer bees
  2 troll zombies (D:9)
  5 howler monkeys
  A jelly (D:5)
  Crazy Yiuf (D:3)
  5 hounds
  7 orc priests
  3 gnoll boudas
  7 iguanas
  14 orc wizards
  Terence (D:2)
  4 polar bear simulacra (IceCv)
  4 troll simulacra (IceCv)
  4 spriggan simulacra (IceCv)
  A wolf simulacrum (IceCv)
  4 ogre zombies (D:9)
  Robin (D:3)
  24 adders
  19 gnolls
  11 naga simulacra (IceCv)
  8 white imps
  3 ufetubi
  64 orcs
  7 endoplasms
  9 giant cockroaches
  18 goblins
  20 hobgoblins
  3 jackals (D:4)
  32 kobolds
  2 quokkas
  3 ball pythons
  6 bats
  6 frilled lizards
  A goblin skeleton (D:9)
  A goblin zombie (D:9)
  A hobgoblin skeleton (D:9)
  A hobgoblin zombie (D:9)
  7 orc skeletons (D:9)
  14 orc zombies (D:9)
  6 rats
  A butterfly (D:4)
751 creatures vanquished.

Vanquished Creatures (collateral kills)
  A frost giant (Shoals:1)
  Erica (Orc:1)
  A catoblepas (Lair:5)
  3 deep elf pyromancers (Volcano)
  A cyclops (Shoals:1)
  4 fire elementals (Volcano)
  A hell hound (Volcano)
  2 orc warriors
  A white imp (D:8)
  8 orcs
  A kobold (D:2)
24 creatures vanquished.

Vanquished Creatures (others)
  2 humans (D:14)
  5 dancing weapons
  2 centaurs
  16 fungi
  30 plants
55 creatures vanquished.

Grand Total: 830 creatures vanquished

Notes
Turn   | Place    | Note
-------+----------+-------------------------------------------
     0 | D:1      | tilp the Vampire Enchanter began the quest for the Orb.
     0 | D:1      | Reached XP level 1. HP: 13/13 MP: 3/3
   214 | D:1      | Reached XP level 2. HP: 11/19 MP: 5/5
   229 | D:1      | Learned a level 2 spell: Ensorcelled Hibernation
  1201 | D:2      | Gained mutation: You are afflicted with vampirism and can
                  | become a bat while bloodless. [Vampire growth]
  1201 | D:2      | Reached XP level 3. HP: 25/25 MP: 1/6
  1260 | D:2      | Learned a level 3 spell: Confusing Touch
  1416 | D:2      | Noticed Terence
  1422 | D:2      | Killed Terence
  1500 | D:2      | Reached XP level 4. HP: 31/31 MP: 0/7
  1728 | D:2      | Reached skill level 1 in Fighting
  2408 | D:3      | Noticed Robin
  2849 | D:3      | Got the Almanac of Changed Darkness
  2997 | D:3      | Found a stormy altar of Qazlal.
  3057 | D:3      | Reached skill level 5 in Stealth
  3124 | D:3      | Killed Robin
  3125 | D:3      | Reached skill level 5 in Hexes
  3247 | D:3      | Found a faded altar of an unknown god.
  3556 | D:3      | Noticed Grinder
  3578 | D:3      | Killed Grinder
  3579 | D:3      | Reached XP level 5. HP: 17/38 MP: 2/9
  3579 | D:3      | Reached XP level 6. HP: 20/44 MP: 2/10
  3644 | D:3      | Found a runed translucent door.
  3645 | D:3      | Noticed Crazy Yiuf
  3652 | D:3      | Killed Crazy Yiuf
  3842 | D:3      | Found an iron altar of Okawaru.
  4061 | D:4      | Found a staircase to the Ecumenical Temple.
  4071 | Temple   | Entered the Ecumenical Temple
  4110 | Temple   | Became a worshipper of the Wu Jian Council
  4342 | D:4      | Reached skill level 6 in Stealth
  4504 | D:4      | Noticed Blork the orc
  4648 | D:4      | Killed Blork the orc
  4649 | D:4      | Reached XP level 7. HP: 50/50 MP: 4/11
  5357 | D:5      | Entered Level 5 of the Dungeon
  5455 | D:5      | Reached skill level 5 in Short Blades
  5553 | D:5      | Learned a level 3 spell: Tukima's Dance
  5557 | D:5      | Learned a level 3 spell: Dazzling Flash
  5597 | D:5      | Reached * piety under Wu Jian
  5605 | D:5      | Reached skill level 7 in Stealth
  5930 | D:5      | Reached XP level 8. HP: 56/58 MP: 9/12
  6366 | D:5      | Found Liumokit's Mass Market.
  6637 | D:6      | Reached skill level 8 in Stealth
  6754 | D:6      | Found a burning altar of Makhleb.
  6754 | D:6      | Found a radiant altar of Vehumet.
  6756 | D:6      | Found a sparkling altar of Nemelex Xobeh.
  6800 | D:6      | Reached skill level 1 in Armour
  6937 | D:6      | Reached ** piety under Wu Jian
  7082 | D:6      | HP: 3/61 [iguana (10)]
  7088 | D:6      | Reached skill level 1 in Throwing
  7250 | D:6      | Found a blossoming altar of Fedhas.
  7559 | D:6      | Reached XP level 9. HP: 66/66 MP: 11/14
  7810 | D:6      | Reached skill level 5 in Fighting
  8365 | D:7      | Reached *** piety under Wu Jian
  8488 | D:7      | Found Uthoz's Neck Hole.
  8521 | D:7      | Identified the +3 leather armour "Zumme" {Harm rPois rF-
                  | Stlth-}
  8540 | D:7      | Reached skill level 5 in Dodging
  8540 | D:7      | Reached skill level 9 in Stealth
  9722 | D:8      | Reached XP level 10. HP: 70/76 MP: 4/16
  9881 | D:8      | Noticed an angel
  9887 | D:8      | Found a basalt altar of Yredelemnul.
  9889 | D:8      | Noticed a profane servitor
  9981 | D:7      | Bought an amulet of regeneration for 420 gold pieces
 10028 | D:8      | Learned a level 4 spell: Cause Fear
 10194 | D:9      | Found a staircase to the Orcish Mines.
 10276 | D:9      | Reached **** piety under Wu Jian
 10567 | D:9      | Noticed a boulder beetle
 10586 | D:9      | Killed a boulder beetle
 10587 | D:9      | Reached skill level 10 in Stealth
 11151 | D:10     | Entered Level 10 of the Dungeon
 11412 | D:10     | Reached skill level 5 in Spellcasting
 11561 | D:10     | Reached ***** piety under Wu Jian
 11633 | D:10     | Reached XP level 11. HP: 84/84 MP: 18/18
 11906 | D:11     | Noticed a two-headed ogre
 12016 | D:11     | Noticed a boulder beetle
 12040 | D:11     | Reached skill level 11 in Stealth
 12050 | D:11     | Killed a boulder beetle
 12131 | D:11     | Found a staircase to the Lair.
 12241 | D:11     | Reached skill level 10 in Short Blades
 12329 | D:11     | Noticed a green ugly thing
 12335 | D:11     | Killed a green ugly thing
 12476 | D:11     | Noticed a two-headed ogre
 12477 | D:11     | Found Cogoxkee's Weapon Shop.
 12483 | D:11     | Killed a two-headed ogre
 12685 | D:11     | Reached skill level 10 in Hexes
 12827 | D:11     | Killed a two-headed ogre
 12828 | D:11     | Reached skill level 12 in Stealth
 12934 | Lair:1   | Entered Level 1 of the Lair of Beasts
 12951 | Lair:1   | Reached skill level 1 in Evocations
 12974 | Lair:1   | Noticed a catoblepas
 12980 | Lair:1   | Killed a catoblepas
 13497 | Lair:1   | Reached XP level 12. HP: 79/94 MP: 17/20
 13600 | Lair:1   | Found the +4 skin of Zhor {*Englaciate rC+++ SInv}
 14863 | Lair:2   | Reached skill level 13 in Stealth
 15057 | Lair:2   | Noticed a five-headed hydra
 15068 | Lair:2   | Killed a five-headed hydra
 15237 | Lair:2   | Reached skill level 5 in Armour
 15750 | Lair:3   | Found a dark tunnel.
 15769 | Volcano  | Entered a volcano
 16189 | Volcano  | Reached XP level 13. HP: 80/103 MP: 8/22
 16348 | Lair:3   | Reached skill level 10 in Fighting
 16348 | Lair:3   | Reached skill level 14 in Stealth
 16348 | Lair:3   | Reached XP level 14. HP: 111/111 MP: 22/24
 16379 | Lair:3   | Found a hole to the Spider Nest.
 16471 | Lair:3   | Found a staircase to the Shoals.
 16758 | Lair:3   | Reached skill level 15 in Stealth
 17215 | Lair:3   | Reached skill level 1 in Ice Magic
 17745 | Lair:4   | Reached skill level 1 in Conjurations
 18234 | Lair:5   | Entered Level 5 of the Lair of Beasts
 18402 | Lair:5   | Found an ornate altar of the Wu Jian Council.
 18770 | Lair:5   | Found a viscous altar of Jiyva.
 18771 | Lair:5   | Found a staircase to the Slime Pits.
 19829 | Lair:5   | Reached skill level 5 in Evocations
 20186 | Orc:1    | Entered Level 1 of the Orcish Mines
 20186 | Orc:1    | Found Keyfe's Distillery.
 20190 | Orc:1    | Noticed Erica
 20202 | D:9      | Reached ****** piety under Wu Jian
 20246 | Orc:1    | Killed Erica
 20295 | Orc:1    | Bought a potion of magic for 88 gold pieces
 20443 | Orc:2    | Entered Level 2 of the Orcish Mines
 20876 | Orc:2    | Found Baceh's Antique Weapon Emporium.
 20930 | Orc:2    | Found a frozen archway.
 20994 | IceCv    | Entered an ice cave
 21822 | IceCv    | Reached skill level 16 in Stealth
 21989 | IceCv    | Noticed a reaper
 22001 | IceCv    | Killed a reaper
 22591 | Orc:2    | Found a runed translucent gate.
 22592 | Orc:2    | Found a runed translucent gate.
 22592 | Orc:2    | Found a runed translucent gate.
 22594 | Orc:2    | Noticed Flippered's ghost (journeyman NaIE)
 22701 | Orc:1    | Noticed Gastronok
 22722 | Orc:1    | Killed Gastronok
 22804 | Orc:1    | Found a burning altar of Makhleb.
 22841 | Orc:1    | Reached XP level 15. HP: 119/119 MP: 12/26
 23027 | Orc:1    | Noticed Erolcha
 23044 | Orc:1    | Killed Erolcha
 23723 | Orc:2    | Found Xybacil's Antique Weapon Shop.
 23723 | Orc:2    | Found Okunye's Armour Emporium.
 23950 | Orc:2    | Found a staircase to the Elven Halls.
 23993 | Orc:2    | Found Pemme's Armour Shop.
 24082 | Orc:2    | Found Zeunuipp's Antique Armour Emporium.
 24538 | Orc:2    | Bought a runed dagger for 105 gold pieces
 24570 | Orc:2    | Bought a pair of glowing boots for 240 gold pieces
 24570 | Orc:2    | Bought a runed helmet for 240 gold pieces
 24594 | Orc:2    | Bought a shiny kite shield for 240 gold pieces
 24626 | Orc:2    | Bought an orb of guile for 169 gold pieces
 24687 | Orc:1    | Bought 2 potions of cancellation for 176 gold pieces
 24687 | Orc:1    | Bought a potion of haste for 110 gold pieces
 24687 | Orc:1    | Bought a potion of mutation for 88 gold pieces
 24687 | Orc:1    | Bought a potion of magic for 88 gold pieces
 24687 | Orc:1    | Bought a potion of heal wounds for 55 gold pieces
 24687 | Orc:1    | Bought a potion of heal wounds for 55 gold pieces
 24687 | Orc:1    | Bought a potion of haste for 110 gold pieces
 24867 | D:12     | Found a portal to a secret trove of treasure.
 25024 | D:12     | You fall into a shaft and drop 3 floors!
 25024 | D:15     | Entered Level 15 of the Dungeon
 25102 | D:14     | Reached skill level 10 in Dodging
 25252 | D:13     | Identified the amulet "Rotes" {Regen+ Stlth+}
 25377 | D:13     | Found a gate leading to a gauntlet.
 25412 | Gauntlet | Entered a Gauntlet
 25412 | Gauntlet | Found a transporter.
 25412 | Gauntlet | Found a transporter.
 25413 | Gauntlet | Found a runed translucent door.
 25420 | Gauntlet | Found a transporter.
 25424 | Gauntlet | Found a transporter.
 25433 | Gauntlet | Found a transporter.
 25436 | Gauntlet | Found a transporter.
 25440 | Gauntlet | Found a runed translucent door.
 25442 | Gauntlet | Found a runed translucent door.
 25444 | Gauntlet | Found a transporter.
 25461 | Gauntlet | Found a transporter.
 25475 | Gauntlet | Found a transporter.
 25479 | Gauntlet | Found a transporter.
 25487 | Gauntlet | Found a transporter.
 25491 | Gauntlet | Found a transporter.
 25668 | Gauntlet | Identified the ring of Happiness {rPois rCorr Stlth+}
 25770 | Gauntlet | Reached skill level 1 in Shields
 25874 | Gauntlet | Identified the +2 pair of boots of Creativity {Will+ Dex+3}
 26474 | D:13     | Reached skill level 17 in Stealth
 27421 | D:14     | Found a gate to the Vaults.
 28203 | D:15     | Reached skill level 18 in Stealth
 28360 | D:15     | Found a staircase to the Depths.
 28405 | D:15     | Reached skill level 15 in Hexes
 28733 | D:15     | Found a hide-covered altar of Uskayaw.
 29110 | Shoals:1 | Entered Level 1 of the Shoals
 29165 | Shoals:1 | Learned a level 4 spell: Fulminant Prism
 29174 | Shoals:1 | Learned a level 8 spell: Discord
 29303 | Shoals:1 | Noticed a frost giant
 29306 | Shoals:1 | Reached XP level 16. HP: 127/127 MP: 29/29
 29497 | Shoals:1 | Found Igasox's Magic Scroll Shoppe.
 29510 | Shoals:1 | Bought a scroll of enchant weapon for 120 gold pieces
 29626 | Shoals:1 | Noticed a kraken
 29632 | Shoals:1 | Killed a kraken
 30297 | Shoals:2 | Killed from afar by a water nymph

Illustrated notes

Levels and vault maps discovered:
D:1:      dpeg_arrival_morbid_curiosity, layout_basic
D:2:      layout_basic, uniq_terence
D:3:      layout_basic, nicolae_qazlal_eye_of_the_storm,
          hellmonk_okawaru_the_only_friend_you_need,
          hellmonk_ecumenical_altar_lost_god, nrook_mini_vaults,
          uniq_crazy_yiuf_cottage, uniq_grinder, uniq_robin
D:4:      layout_loops_corners, minmay_temple_entry_butterflies,
          uniq_blork_the_orc
D:5:      layout_loops_corners, minmay_shop_mass
D:6:      kennysheep_housing_project, layout_loops_cross,
          mainiacjoe_overflow_24_doors, nicolae_overflow_hidden_temple
D:7:      layout_basic, nicolae_shop_sticking_my_neck_out
D:8:      layout_loops_ring, grunt_temple_overflow_holy_war,
          minmay_misc_feat_tower
D:9:      layout_basic, zombieorc2_lemuel
D:10:     layout_roguey
D:11:     layout_irregular_city, david_lair_shrubbed, serial_shops, shop,
          nicolae_fountain_basement
D:12:     layout_loops_ring, nicolae_trove_entry_crossroad
D:13:     layout_loops_ring, gauntlet_entry_generic, minivault_1,
          minmay_curled_crystal
D:14:     layout_loops_corners, ximxim_vaults_locker_room,
          minmay_misc_feat_rows, corexii_leaking_fountain
D:15:     hangedman_depths_entry_try_elsewhere_first, layout_long_grid,
          dancing_weapons_uskayaw
Temple:   nicolae_temple_ecumenical_triangle
Lair:1:   layout_regular_city, grunt_megastairs_2, infiniplex_staircase_pool
Lair:2:   lemuel_reptile_caves, layout_loops_ring, grunt_megastairs_5,
          serial_bayou_shore_b, serial_bayou_shore_a
Lair:3:   layout_chaotic_city, minmay_shoals_entry_centaurs,
          spider_nest_entry_webs, enter_volcano_4,
          eino_small_chamber_without_monster, grunt_megastairs_3
Lair:4:   layout_roguey, chequers_serial_rivers_large_a, lemuel_fruit_tree
Lair:5:   evilmike_catoblepas_cave, layout_cave_pods, slime_entry_1, basic_altar
Shoals:1: layout_shoals, serial_shops, shop, st_cyclops
Shoals:2: layout_shoals, nicolae_shoals_nymph_descending_staircase
Orc:1:    layout_diamond_mine, serial_shops, nicolae_diamond_shop,
          bloody_makhleb, uniq_gastronok, uniq_erolcha, uniq_erica
Orc:2:    st_orc_town, layout_caves, ebering_ghost_rock_garden, serial_shops,
          shop, portal_ice_cave_entry_animals_and_master

Skill      XL: |  1  2  3  4  5  6  7  8  9 10 11 12 13 14 15 16 |
---------------+-------------------------------------------------+-----
Short Blades   | 2 3 4 6 7 9 10 | 10.0
Fighting       | 1 2 3 4 5 7 8 9 10 11 12 | 12.1
Stealth        | 5 6 7 8 9 10 12 13 14 16 18 | 18.2
Hexes          | 5 6 7 8 10 11 12 13 15 | 15.1
Dodging        | 3 4 5 6 7 8 9 11 12 | 12.1
Spellcasting   | 3 4 5 6 7 9 |  9.0
Armour         | 2 3 4 5 6 |  6.0
Throwing       | 1 2 4 |  4.2
Evocations     | 2 4 5 7 8 |  8.1
Ice Magic      | 2 |  2.0
Conjurations   | 2 |  2.2
Shields        | 3 4 |  4.2

Action                     |  1- 3 |  4- 6 |  7- 9 | 10-12 | 13-15 | 16-18 || total
---------------------------+-------+-------+-------+-------+-------+-------++-------
  Melee: Dagger            |    97 |   147 |   359 |   774 |  1182 |    74 ||  2633
         Bite              |     9 |    12 |    31 |   106 |   229 |     8 ||   395
         Punch             |     1 |     1 |     6 |    10 |    12 |       ||    30
  Throw: Dart              |       |       |       |       |     4 |       ||     4
   Cast: Ensorcelled Hiber |    22 |    39 |    91 |   138 |   208 |    40 ||   538
         Confusing Touch   |       |     3 |     8 |    24 |   111 |     3 ||   149
         Dazzling Flash    |       |       |     5 |     1 |     7 |     3 ||    16
         Tukima's Dance    |       |       |     2 |     1 |    29 |     1 ||    33
 Invoke: Heavenly Storm    |       |       |       |     1 |       |       ||     1
Ability: Lunge             |       |     8 |    45 |    66 |   106 |    14 ||   239
         Whirlwind         |       |       |     2 |    21 |    20 |     4 ||    47
  Evoke: Wand              |       |       |       |       |     4 |     1 ||     5
         Lightning rod     |       |       |       |       |       |     2 ||     2
    Use: Scroll            |     2 |     4 |    11 |    13 |    16 |     1 ||    47
         Potion            |       |       |     1 |       |     3 |     1 ||     5
   Stab: Sleeping          |    16 |    30 |    82 |   118 |   172 |    28 ||   446
         Confused          |       |     2 |     6 |    21 |   113 |     2 ||   144
         Distracted        |       |     1 |       |     3 |     4 |       ||     8
         Invisible         |       |       |     3 |     2 |     7 |     2 ||    14
         Petrifying        |       |       |       |       |     2 |       ||     2
 Armour: Robe              |    15 |    29 |       |       |       |       ||    44
         Animal skin       |       |    14 |    73 |       |   121 |    31 ||   239
         Steam dragon scal |       |       |    10 |   154 |   122 |       ||   286
  Dodge: Dodged            |    53 |    90 |   218 |   304 |   569 |    91 ||  1325
  Block: Buckler           |       |       |       |       |    28 |    37 ||    65

Table legend: (Time is in decaauts)
 A = Elapsed time spent in this place.
 B = Non-inter-level travel time spent in this place.
 C = Inter-level travel time spent in this place.
 D = Time resting spent in this place.
 E = Time spent auto-exploring this place.
 F = Levels seen in this place.
 G = Mean time per level.
                   A        B        C        D        E       F      G
               +--------+--------+--------+--------+--------+-----+--------+
         Total |  29482 |  26790 |   2692 |   1402 |  19163 |  28 | 1052.9 |
       Dungeon |  16528 |  14863 |   1665 |    230 |  11502 |  15 | 1101.9 |
        Temple |     44 |     26 |     18 |      0 |     18 |   1 |   44.0 |
          Lair |   6548 |   6098 |    450 |    340 |   4696 |   5 | 1309.6 |
        Shoals |   1160 |   1092 |     68 |     81 |    727 |   2 |  580.0 |
  Orcish Mines |   2812 |   2323 |    489 |     53 |   1580 |   2 | 1406.0 |
      Ice Cave |   1275 |   1275 |      0 |    453 |    446 |   1 | 1275.0 |
       Volcano |    532 |    532 |      0 |    171 |     99 |   1 |  532.0 |
      Gauntlet |    579 |    579 |      0 |     74 |     94 |   1 |  579.0 |
               +--------+--------+--------+--------+--------+-----+--------+

Top non-repeatable levels by time:
   Orc:2: 2010 daAuts
  Lair:2: 1748 daAuts
     D:3: 1675 daAuts
  Lair:5: 1652 daAuts
     D:6: 1606 daAuts
     D:9: 1330 daAuts
   IceCv: 1275 daAuts
  Lair:3: 1270 daAuts
     D:4: 1256 daAuts
     D:2: 1201 daAuts
     D:5: 1197 daAuts
    D:15: 1171 daAuts
  Lair:1: 1150 daAuts
     D:1: 1134 daAuts
    D:11: 1104 daAuts
